ITL
HAVANA ROLLERS @ DETROIT X-WINGS
09/12/2030
 
TOP OF THE 1ST
Havana Rollers batting - Pitching for Detroit X-Wings : LHP Richard Dorris
Pitching: LHP Richard Dorris
Batting: LHB Marvin Nichols 0-0: Ball
1-0: SINGLE (Flyball, 89S)
Batting: LHB Mario Olivares 0-0: Called Strike
0-1: Foul Ball, location: 2F
0-2: Ball
1-2: SINGLE (Groundball, 4MD)
Marvin Nichols to second
Runner from 2nd tries for 3rd, SAFE, throw made to third
Batting: RHB Tommy Davenport 0-0: Ball
1-0: Ball
2-0: Foul Ball, location: 2F
2-1: Ball
3-1: Fly out, F9 (Flyball, 89D)
Runner from 3rd tags up, SCORES, no throw
Batting: RHB Soshu Nakamura 0-0: Ball
1-0: Ball
2-0: Foul Ball, location: 2F
2-1: DOUBLE (Line Drive, 89M)
Mario Olivares to third
Batting: RHB Bill Little 0-0: Called Strike
0-1: SINGLE (Groundball, 3D)
Mario Olivares scores
Soshu Nakamura to third
Runner from 3rd tries for Home, SAFE, no throw
Batting: RHB Chad Case 0-0: Ball
1-0: Ball
2-0: Foul Ball, location: 2F
2-1: Foul Ball, location: 2F
2-2: Ball
3-2: Base on Balls
Bill Little to second
Batting: RHB Brian Jackson 0-0: Ball
1-0: Foul Ball, location: 2F
1-1: Ball
2-1: Grounds into double play, 4-6-3 (Groundball, 4)
Top of the 1st over - 3 runs, 4 hits, 0 errors, 1 left on base; Havana 3 - Detroit 0
BOTTOM OF THE 1ST
Detroit X-Wings batting - Pitching for Havana Rollers : RHP Paul Lorenzo
Pitching: RHP Paul Lorenzo
Batting: SHB Jason Mason 0-0: Ball
1-0: Foul Ball, location: 2F
1-1: Foul Ball, location: 2F
1-2: SINGLE (Line Drive, 7S)
Batting: RHB Alfredo Villegas 0-0: Ball
Jason Mason steals 2nd base
1-0: Fly out, F8 (Flyball, 8LS)
Batting: LHB Juan Jose Pineda 0-0: Ball
Jason Mason steals 3rd base
1-0: Foul Ball, location: 2F
1-1: Swinging Strike
1-2: Foul Ball, location: 2F
1-2: Strikes out swinging
Batting: SHB Barrett Bowden 0-0: Foul Ball, location: 2F
0-1: Called Strike
0-2: Ground out U3 (Groundball, 3)
Bottom of the 1st over - 0 runs, 1 hit, 0 errors, 1 left on base; Havana 3 - Detroit 0
TOP OF THE 2ND
Havana Rollers batting - Pitching for Detroit X-Wings : LHP Richard Dorris
Batting: RHB Luis Aguilar 0-0: Ball
1-0: Ground out 1-3 (Groundball, 15)
Batting: RHB Ken MacDonald 0-0: Ball
1-0: Called Strike
1-1: Called Strike
1-2: Ball
2-2: DOUBLE (Flyball, 8RD)
Batting: LHB Marvin Nichols 0-0: Called Strike
0-1: Ball
1-1: Called Strike
1-2: Ground out 6-3 (Groundball, 6)
Ken MacDonald to third
Batting: LHB Mario Olivares 0-0: Called Strike
0-1: Ball
1-1: Ball
2-1: Ground out 4-3 (Groundball, 4)
Top of the 2nd over - 0 runs, 1 hit, 0 errors, 1 left on base; Havana 3 - Detroit 0
BOTTOM OF THE 2ND
Detroit X-Wings batting - Pitching for Havana Rollers : RHP Paul Lorenzo
Batting: LHB Curt Walker 0-0: Called Strike
0-1: Ball
1-1: Called Strike
1-2: Foul Ball, location: 2F
1-2: Ball
2-2: Fly out, F6 (Flyball, 56D)
Batting: SHB Felipe Detorres 0-0: Called Strike
0-1: Swinging Strike
0-2: Ball
1-2: Ball
2-2: Strikes out looking
Batting: RHB Enrique Aguilar 0-0: Ball
1-0: Ball
2-0: Foul Ball, location: 2F
2-1: Foul Ball, location: 2F
2-2: Single, Error in OF, E9, batter to second base
Pitching: LHP Mike Doss
Batting: RHB Donato Gozende 0-0: Ball
1-0: Ball
2-0: Foul Ball, location: 2F
2-1: Ball
3-1: Foul Ball, location: 2F
3-2: Foul Ball, location: 2F
3-2: Foul Ball, location: 2F
3-2: DOUBLE (Line Drive, 7D)
Enrique Aguilar scores
Batting: RHB José Pérez 0-0: Ball
1-0: Called Strike
1-1: Fly out, F8 (Flyball, 8RXD)
Bottom of the 2nd over - 1 run, 2 hits, 1 error, 1 left on base; Havana 3 - Detroit 1
TOP OF THE 3RD
Havana Rollers batting - Pitching for Detroit X-Wings : LHP Richard Dorris
Batting: RHB Tommy Davenport 0-0: Ball
1-0: Ball
2-0: Swinging Strike
2-1: Ball
3-1: Base on Balls
Batting: RHB Soshu Nakamura 0-0: Ball
1-0: Ball
2-0: Ball
3-0: Swinging Strike
3-1: Fly out, F8 (Flyball, 8RM)
Batting: RHB Bill Little 0-0: Ball
1-0: Foul Ball, location: 2F
1-1: Ball
2-1: Grounds into double play, 5-4-3 (Groundball, 5L)
Top of the 3rd over - 0 runs, 0 hits, 0 errors, 0 left on base; Havana 3 - Detroit 1
BOTTOM OF THE 3RD
Detroit X-Wings batting - Pitching for Havana Rollers : LHP Mike Doss
Batting: SHB Jason Mason 0-0: Called Strike
0-1: Called Strike
0-2: SINGLE (Flyball, 8RS)
Batting: RHB Alfredo Villegas 0-0: Ball
1-0: Foul Ball, location: 2F
1-1: Ball
2-1: Ball
3-1: Swinging Strike
3-2: Strikes out swinging
Batting: LHB Juan Jose Pineda 0-0: Ball
Jason Mason steals 2nd base
1-0: Ball
2-0: Called Strike
2-1: Ball
3-1: Base on Balls
Batting: SHB Barrett Bowden 0-0: Ball
1-0: Swinging Strike
1-1: Ball
2-1: Foul Ball, location: 2F
2-2: Strikes out swinging
Batting: LHB Curt Walker 0-0: Called Strike
0-1: SINGLE (Groundball, 6D)
Jason Mason to third
Juan Jose Pineda to second
Runner from 3rd tries for Home, SAFE, no throw
Batting: SHB Felipe Detorres 0-0: Called Strike
0-1: Swinging Strike
0-2: Ground out 4-3 (Groundball, 4)
Bottom of the 3rd over - 1 run, 2 hits, 0 errors, 2 left on base; Havana 3 - Detroit 2
TOP OF THE 4TH
Havana Rollers batting - Pitching for Detroit X-Wings : LHP Richard Dorris
Batting: RHB Chad Case 0-0: Bunted foul
0-1: Ball
1-1: Ball
2-1: Fly out, F8 (Flyball, 8LM)
Batting: RHB Brian Jackson 0-0: Ground out 5-3 (Groundball, 56S)
Batting: RHB Luis Aguilar 0-0: Ball
1-0: DOUBLE (Flyball, 78XD)
Batting: RHB Ken MacDonald 0-0: Ball
1-0: Ball
2-0: Foul Ball, location: 2F
2-1: Ground out 6-3 (Groundball, 6)
Top of the 4th over - 0 runs, 1 hit, 0 errors, 1 left on base; Havana 3 - Detroit 2
BOTTOM OF THE 4TH
Detroit X-Wings batting - Pitching for Havana Rollers : LHP Mike Doss
Batting: RHB Enrique Aguilar 0-0: Ball
1-0: Foul Ball, location: 2F
1-1: Ball
2-1: Foul Ball, location: 2F
2-2: Ball
3-2: Base on Balls
Batting: RHB Donato Gozende 0-0: Called Strike
0-1: Foul Ball, location: 2F
0-2: Foul Ball, location: 2F
0-2: Strikes out looking
Batting: RHB José Pérez 0-0: Called Strike
0-1: Ball
1-1: Fly out, F9 (Flyball, 9LM)
Batting: SHB Jason Mason 0-0: Ball
1-0: Foul Ball, location: 2F
1-1: Called Strike
1-2: Foul Ball, location: 2F
1-2: SINGLE (Groundball, 56D)
Enrique Aguilar to second
Batting: RHB Alfredo Villegas 0-0: Foul Ball, location: 2F
0-1: Ball
1-1: Ball
2-1: Swinging Strike
2-2: Strikes out swinging
Bottom of the 4th over - 0 runs, 1 hit, 0 errors, 2 left on base; Havana 3 - Detroit 2
TOP OF THE 5TH
Havana Rollers batting - Pitching for Detroit X-Wings : LHP Richard Dorris
Batting: LHB Marvin Nichols 0-0: Ground out 3-1 (Groundball, 34)
Batting: LHB Mario Olivares 0-0: Foul Ball, location: 2F
0-1: Ball
1-1: SINGLE (Line Drive, 8LS)
Batting: RHB Tommy Davenport 0-0: Called Strike
0-1: Ball
1-1: Called Strike
1-2: Fly out, F4 (Line Drive, 4)
Batting: RHB Soshu Nakamura 0-0: Ball
1-0: Ball
Mario Olivares steals 2nd base
2-0: Swinging Strike
2-1: DOUBLE (Flyball, 89D)
Mario Olivares scores
Batting: RHB Bill Little 0-0: Foul Ball, location: 2F
0-1: Ball
1-1: Called Strike
1-2: Ball
2-2: Ball
3-2: SINGLE (Line Drive, 4D)
Soshu Nakamura to third
Soshu Nakamura scores
Batting: RHB Chad Case 0-0: Ball
1-0: Ball
2-0: Ball
3-0: Base on Balls
Bill Little to second
Batting: RHB Brian Jackson 0-0: Ball
1-0: SINGLE (Groundball, 34D)
Bill Little to third
Chad Case to second
Runner from 3rd tries for Home, SAFE, no throw
Batting: RHB Luis Aguilar 0-0: Fly out, F9 (Flyball, 9S)
Top of the 5th over - 3 runs, 4 hits, 0 errors, 2 left on base; Havana 6 - Detroit 2
BOTTOM OF THE 5TH
Detroit X-Wings batting - Pitching for Havana Rollers : LHP Mike Doss
Batting: LHB Juan Jose Pineda 0-0: Ground out 4-3 (Groundball, 4)
Batting: SHB Barrett Bowden 0-0: Foul Ball, location: 2F
0-1: Ball
1-1: Foul Ball, location: 2F
1-2: Ground out 1-3 (Groundball, 13S)
Batting: LHB Curt Walker 0-0: Ground out 4-3 (Groundball, 4)
Bottom of the 5th over - 0 runs, 0 hits, 0 errors, 0 left on base; Havana 6 - Detroit 2
TOP OF THE 6TH
Havana Rollers batting - Pitching for Detroit X-Wings : LHP Richard Dorris
Batting: RHB Ken MacDonald 0-0: Called Strike
0-1: Called Strike
0-2: Ground out 6-3 (Groundball, 6)
Batting: LHB Marvin Nichols 0-0: Called Strike
0-1: Fly out, F9 (Flyball, 9D)
Batting: LHB Mario Olivares 0-0: Ball
1-0: SINGLE (Line Drive, 34D)
Batting: RHB Tommy Davenport 0-0: Ball
1-0: Foul Ball, location: 2F
1-1: Ball
2-1: Ground out 6-3 (Groundball, 6S)
Top of the 6th over - 0 runs, 1 hit, 0 errors, 1 left on base; Havana 6 - Detroit 2
BOTTOM OF THE 6TH
Detroit X-Wings batting - Pitching for Havana Rollers : LHP Mike Doss
Pitching: RHP Ron Henningar
Batting: SHB Felipe Detorres 0-0: Called Strike
0-1: Foul Ball, location: 2F
0-2: Foul Ball, location: 2F
0-2: Ball
1-2: Ball
2-2: Strikes out looking
Batting: RHB Enrique Aguilar 0-0: Swinging Strike
0-1: Called Strike
0-2: Fly out, F7 (Flyball, 78M)
Batting: RHB Donato Gozende 0-0: Ball
1-0: Foul Ball, location: 2F
1-1: Called Strike
1-2: Strikes out swinging
Bottom of the 6th over - 0 runs, 0 hits, 0 errors, 0 left on base; Havana 6 - Detroit 2
TOP OF THE 7TH
Havana Rollers batting - Pitching for Detroit X-Wings : LHP Richard Dorris
Batting: RHB Soshu Nakamura 0-0: Called Strike
0-1: Ball
1-1: Called Strike
1-2: DOUBLE (Line Drive, 78XD)
Batting: RHB Bill Little 0-0: Ball
1-0: Ball
2-0: Fly out, F3 (Popup, 3SF)
Batting: RHB Chad Case 0-0: 2-RUN HOME RUN (Flyball, 7LD), Distance : 358 ft
Pitching: LHP Clarence Skerratt
Batting: RHB Brian Jackson 0-0: SOLO HOME RUN (Flyball, 7LD), Distance : 370 ft
Batting: RHB Luis Aguilar 0-0: Ball
1-0: Swinging Strike
1-1: Foul Ball, location: 2F
1-2: Ball
2-2: Strikes out looking
Batting: RHB Ken MacDonald 0-0: Foul Ball, location: 2F
0-1: Fly out, F2 (Popup, 2RF)
Top of the 7th over - 3 runs, 3 hits, 0 errors, 0 left on base; Havana 9 - Detroit 2
BOTTOM OF THE 7TH
Detroit X-Wings batting - Pitching for Havana Rollers : RHP Ron Henningar
Batting: RHB José Pérez 0-0: Ball
1-0: Called Strike
1-1: Swinging Strike
1-2: Strikes out looking
Batting: SHB Jason Mason 0-0: Foul Ball, location: 2F
0-1: Ball
1-1: Ball
2-1: Ball
3-1: Base on Balls
Batting: RHB Alfredo Villegas 0-0: Called Strike
0-1: Ball
1-1: Ball
2-1: Ball
3-1: Foul Ball, location: 2F
3-2: Fly out, F7 (Flyball, 7S)
Batting: LHB Juan Jose Pineda 0-0: Ball
1-0: Foul Ball, location: 2F
1-1: Ball
2-1: Fly out, F6 (Line Drive, 6)
Bottom of the 7th over - 0 runs, 0 hits, 0 errors, 1 left on base; Havana 9 - Detroit 2
TOP OF THE 8TH
Havana Rollers batting - Pitching for Detroit X-Wings : LHP Clarence Skerratt
Batting: LHB Marvin Nichols 0-0: Swinging Strike
0-1: Fly out, F8 (Flyball, 8RM)
Batting: LHB Mario Olivares 0-0: Ball
1-0: SINGLE (Groundball, 34D)
Batting: RHB Tommy Davenport 0-0: Ball
1-0: Foul Ball, location: 2F
1-1: Foul Ball, location: 2F
1-2: Ball
2-2: Foul Ball, location: 2F
2-2: Grounds into double play, 3-6-4 (Groundball, 34)
Top of the 8th over - 0 runs, 1 hit, 0 errors, 0 left on base; Havana 9 - Detroit 2
BOTTOM OF THE 8TH
Detroit X-Wings batting - Pitching for Havana Rollers : RHP Ron Henningar
Batting: SHB Barrett Bowden 0-0: Ball
1-0: Ball
2-0: Ground out 4-3 (Groundball, 4)
Batting: LHB Curt Walker 0-0: Swinging Strike
0-1: Ball
1-1: Ball
2-1: Ball
3-1: Base on Balls
Batting: SHB Felipe Detorres 0-0: Ball
1-0: DOUBLE (Line Drive, 78XD)
Curt Walker to third
Batting: RHB Enrique Aguilar 0-0: Foul Ball, location: 2F
0-1: Ball
1-1: Ball
2-1: Ball
3-1: Base on Balls
Batting: RHB Donato Gozende 0-0: Foul Ball, location: 2F
0-1: Ball
1-1: Fly out, F4 (Line Drive, 4)
Batting: RHB José Pérez 0-0: Ball
1-0: Ball
2-0: Foul Ball, location: 2F
2-1: Ball
3-1: Foul Ball, location: 2F
3-2: Base on Balls
Curt Walker scores
Felipe Detorres to third
Enrique Aguilar to second
Batting: SHB Jason Mason 0-0: Called Strike
0-1: Fly out, F8 (Flyball, 8RD)
Bottom of the 8th over - 1 run, 1 hit, 0 errors, 3 left on base; Havana 9 - Detroit 3
TOP OF THE 9TH
Havana Rollers batting - Pitching for Detroit X-Wings : LHP Clarence Skerratt
Batting: RHB Soshu Nakamura 0-0: Ball
1-0: Ball
2-0: Ball
3-0: Called Strike
3-1: Base on Balls
Batting: RHB Bill Little 0-0: Called Strike
0-1: Ball
Passed Ball!
Soshu Nakamura to second
1-1: Ball
2-1: Ball
3-1: Base on Balls
Batting: RHB Chad Case 0-0: Ball
1-0: Called Strike
1-1: Swinging Strike
1-2: Strikes out looking
Batting: RHB Brian Jackson 0-0: Ball
1-0: Ball
2-0: Ball
3-0: Foul Ball, location: 2F
3-1: Foul Ball, location: 2F
3-2: Base on Balls
Soshu Nakamura to third
Bill Little to second
Batting: RHB Luis Aguilar 0-0: Ball
1-0: Ball
2-0: Ball
3-0: Called Strike
3-1: DOUBLE (Flyball, 8RXD)
Soshu Nakamura scores
Bill Little scores
Brian Jackson to third
Batting: RHB Ken MacDonald 0-0: Ball
1-0: Ball
2-0: SINGLE (Groundball, 4MD)
Brian Jackson scores
Luis Aguilar to third
Runner from 3rd tries for Home, SAFE, throw made home
Ken MacDonald to second
Batting: LHB Marvin Nichols 0-0: Foul Ball, location: 2F
0-1: Swinging Strike
0-2: Fly out, F7 (Flyball, 7LM)
Batting: LHB Mario Olivares 0-0: Ball
1-0: Foul Ball, location: 2F
1-1: Ball
2-1: Called Strike
2-2: Ball
3-2: Base on Balls
Batting: RHB Tommy Davenport 0-0: Ball
1-0: Called Strike
1-1: Foul Ball, location: 2F
1-2: DOUBLE (Flyball, 78D)
Ken MacDonald scores
Mario Olivares to third
Runner from 3rd tries for Home, SAFE, no throw
Pitching: RHP Albert Chávez
Batting: RHB Soshu Nakamura 0-0: Ball
1-0: Called Strike
1-1: Ball
2-1: Ball
3-1: Base on Balls
Batting: RHB Bill Little 0-0: Ball
1-0: Called Strike
1-1: Ground out 5-3 (Groundball, 5S)
Top of the 9th over - 6 runs, 3 hits, 0 errors, 2 left on base; Havana 15 - Detroit 3
BOTTOM OF THE 9TH
Detroit X-Wings batting - Pitching for Havana Rollers : RHP Ron Henningar
Batting: RHB Alfredo Villegas 0-0: Called Strike
0-1: Ball
1-1: DOUBLE (Line Drive, 7LM)
Pitching: RHP Ron Bartlett
Batting: LHB Juan Jose Pineda 0-0: Ball
1-0: Swinging Strike
1-1: Swinging Strike
1-2: Strikes out swinging
Batting: SHB Barrett Bowden 0-0: Ball
1-0: Called Strike
1-1: Foul Ball, location: 2F
1-2: Ball
2-2: Ball
3-2: Base on Balls
Batting: LHB Curt Walker 0-0: Foul Ball, location: 2F
0-1: Ball
1-1: Ball
2-1: Foul Ball, location: 2F
2-2: Foul Ball, location: 2F
2-2: Fielders Choice at 2nd, 4-6 (Groundball, 4M)
Alfredo Villegas to third
Batting: SHB Felipe Detorres 0-0: Swinging Strike
0-1: Ball
1-1: Foul Ball, location: 2F
1-2: Ball
2-2: Fly out, F8 (Flyball, 78M)
Bottom of the 9th over - 0 runs, 1 hit, 0 errors, 2 left on base; Havana 15 - Detroit 3
Saturday, April 7th, 2018 - OOTP Baseball 18.8 Build 76